 Dungeon Crawl Stone Soup version 0.30.1-6-gbe392663c4 (webtiles) character file.

Game seed: 10954143068266538748

851 NullDivider the Sneak (level 8, -7/46 HPs)
             Began as an Octopode Venom Mage on Sept 20, 2023.
             Mangled by a sleepcap (21 damage)
             ... on level 4 of the Dungeon.
             The game lasted 00:31:59 (3815 turns).

NullDivider the Sneak (Octopode Venom Mage)         Turns: 3815, Time: 00:32:00

Health: -7/46      AC:  1    Str:  7    XL:     8   Next: 1%
Magic:  5/13       EV:  2    Int: 18    God:
Gold:   209        SH:  0    Dex: 14    Spells: 3/14 levels left

rFire   . . .        e - +1 dagger (vamp)
rCold   . . .        (no shield)
rNeg    . . .        (helmet restricted)
rPois   .            q - amulet of regeneration
rElec   .            t - ring of wizardry
rCorr   .            (no ring)
SInv    .            (no ring)
Will    .....        (no ring)
Stlth   ++++         (no ring)
HPRegen 1.07/turn    (no ring)
MPRegen 0.13/turn    (no ring)
                     (no ring)

%: wizardry (x1)
@: sleeping
A: almost no armour, amphibious, 8 rings, camouflage 1, gelatinous body 1,
(nimble swimmer 1), tentacles
a: no special abilities


You were on level 4 of the Dungeon.
You visited 1 branch of the dungeon, and saw 4 of its levels.

You collected 209 gold pieces.

Inventory:

Hand Weapons
 e - a +1 vampiric dagger (weapon)
 r - a +1 flail of holy wrath
Jewellery
 q - an amulet of regeneration (around mantle)
 t - a ring of wizardry (left tentacle)
Wands
 i - a wand of flame (37)
Scrolls
 b - 4 scrolls of identify
 c - 4 scrolls of fear
 d - 2 scrolls of poison
 f - a scroll of summoning {unknown}
 g - a scroll of vulnerability {unknown}
 j - a scroll of teleportation {unknown}
 m - a scroll of acquirement {unknown}
 n - 2 scrolls of blinking
 o - a scroll of noise {unknown}
 s - a scroll of amnesia {unknown}
Potions
 a - a potion of magic
 h - 3 potions of flight
 k - 3 potions of mutation
 l - a potion of brilliance {unknown}
 p - a potion of curing {unknown}


   Skills:
 + Level 3.3 Short Blades
 + Level 4.1 Dodging
 + Level 5.8 Stealth
 + Level 3.8 Spellcasting
 - Level 1.0 Transmutations
 + Level 0.7 Ice Magic
 + Level 3.3 Air Magic
 - Level 5.0 Poison Magic


You had 3 spell levels left.
You knew the following spells:

 Your Spells              Type           Power      Damage    Failure   Level
a - Sting                 Tmut/Pois      56%        1d5       1%          1
b - Poisonous Vapours     Pois/Air       36%        N/A       1%          2
c - Mephitic Cloud        Conj/Pois/Air  13%        N/A       6%          3
d - Swiftness             Air            15%        N/A       4%          3
e - Ensorcelled Hibernat  Hex/Ice        8%         N/A       8%          2

Your spell library contained the following spells:

 Spells                   Type           Power      Damage    Failure   Level
 Summon Small Mammal      Summ           12%        N/A       6%          1
 Passwall                 Tmut/Erth      4%         N/A       8%          2
 Call Canine Familiar     Summ           3%         N/A       17%         3
 Stone Arrow              Conj/Erth      6%         3d7       17%         3
 Summon Guardian Golem    Hex/Summ       3%         N/A       17%         3
 Olgreb's Toxic Radiance  Pois           21%        N/A       8%          4
 Lehudib's Crystal Spear  Conj/Erth      1%         10d2      100%        8
 Animate Armour           Summ/Erth      Unusable   N/A       N/A         4

Dungeon Overview and Level Annotations

Branches:
Dungeon (4/15)
 Temple: D:4-7

Altars:
Ashenzari
Qazlal
The Shining One


Innate Abilities, Weirdness & Mutations

You cannot wear most types of armour.
You are amphibious.
You can wear up to eight rings at the same time.
Your skin changes colour to match your surroundings (Stealth+).
Your rubbery body absorbs attacks. (AC +1, EV +1)
((You are camouflaged when in or above water. (Stealth+)))
You have tentacles for arms and can constrict up to eight enemies at once.


Message History

Aim: a sleepcap (100% to hit)
The sting hits the sleepcap but does no damage.
The sleepcap is poisoned.
The sleepcap releases spores at you.
You are engulfed in a cloud of soporific spores!
You fall asleep.
The sleepcap completely misses you. The sleepcap releases spores at you!
You wake up.
You are engulfed in a cloud of soporific spores!
You are unaffected.
You hit the sleepcap but do no damage. You grab the sleepcap.
You constrict the sleepcap, but do no damage.
The sleepcap releases spores at you.
* * * LOW HITPOINT WARNING * * *
You hit the sleepcap but do no damage. You constrict the sleepcap.
The sleepcap barely misses you.
You hit the sleepcap.
You feel better.
You tentacle-slap the sleepcap, but do no damage.
The sleepcap is lightly damaged.
You constrict the sleepcap, but do no damage.
The sleepcap barely misses you.
You hit the sleepcap but do no damage. You squeeze the sleepcap.
The sleepcap is heavily damaged.
You constrict the sleepcap. The sleepcap releases spores at you.
You hit the sleepcap but do no damage.
The sleepcap is heavily damaged.
You constrict the sleepcap, but do no damage.
The sleepcap looks more healthy.
You hit the sleepcap but do no damage.
The sleepcap is heavily damaged.
You constrict the sleepcap. The sleepcap barely misses you.
You hit the sleepcap but do no damage.
The sleepcap is heavily damaged.
You constrict the sleepcap. The sleepcap releases spores at you.
* * * LOW HITPOINT WARNING * * *
You are engulfed in a cloud of soporific spores!
You fall asleep.
You lose your grip on the sleepcap.
The sleepcap completely misses you. The sleepcap releases spores at you!!
You die...

#.#..###.....##...##
#.#....<.....####...
#.##.###.....# #..#
.##.........# #..#
............# #..#
#######.....# #).#
#..........# #...
#.########## ##..
#@# #.. #f# #.. #.#
#.. #.# #.. #.. ###
#.. #.. #...


You could see a sleepcap.

Vanquished Creatures
  Sigmund (D:2)
  An ogre (D:4)
  2 scorpions (D:4)
  A jelly (D:4)
  3 orc priests
  A sleepcap (D:4)
  A hound (D:4)
  Natasha (twice) (D:2)
  3 orc wizards
  4 gnolls (D:4)
  9 adders
  A worm (D:3)
  2 dart slugs (D:1)
  9 orcs
  7 endoplasms
  A giant cockroach (D:1)
  A hobgoblin (D:4)
  7 jackals
  A quokka (D:1)
  7 ball pythons
  2 bats
  A frilled lizard (D:1)
  7 goblins
  7 kobolds
  2 rats (D:3)
83 creatures vanquished.

Notes
Turn   | Place    | Note
-------+----------+-------------------------------------------
     0 | D:1      | NullDivider the Octopode Venom Mage began the quest for the
                  | Orb.
     0 | D:1      | Reached XP level 1. HP: 11/11 MP: 3/3
   228 | D:1      | Reached XP level 2. HP: 17/17 MP: 5/5
   231 | D:1      | Learned a level 2 spell: Poisonous Vapours
   494 | D:1      | Reached XP level 3. HP: 21/21 MP: 6/6
   550 | D:1      | Learned a level 3 spell: Mephitic Cloud
   968 | D:2      | Noticed Natasha
   968 | D:2      | Found a stormy altar of Qazlal.
   972 | D:2      | Killed Natasha
   973 | D:2      | Reached skill level 1 in Air Magic
   982 | D:2      | Found a faded altar of an unknown god.
   995 | D:2      | Reached skill level 1 in Short Blades
   995 | D:2      | Reached XP level 4. HP: 24/27 MP: 2/7
  1238 | D:2      | Noticed Sigmund
  1247 | D:2      | Killed Sigmund
  1248 | D:2      | Reached XP level 5. HP: 23/31 MP: 7/9
  1436 | D:2      | Reached XP level 6. HP: 36/36 MP: 7/10
  1772 | D:2      | Learned a level 3 spell: Swiftness
  1787 | D:2      | Noticed Natasha
  1801 | D:2      | Killed Natasha
  2198 | D:2      | Identified the +1 robe of the Monk {Drain rPois rCorr}
  2355 | D:3      | Found a broken altar of Ashenzari.
  3080 | D:4      | Found a glowing golden altar of the Shining One.
  3086 | D:4      | Reached skill level 5 in Poison Magic
  3086 | D:4      | Reached XP level 7. HP: 41/41 MP: 11/11
  3092 | D:4      | Reached skill level 5 in Stealth
  3706 | D:4      | Learned a level 2 spell: Ensorcelled Hibernation
  3791 | D:4      | Reached XP level 8. HP: 41/46 MP: 9/13
  3815 | D:4      | Mangled by a sleepcap

Illustrated notes

Levels and vault maps discovered:
D:1:      psy_arrival_statuary, layout_basic
D:2:      layout_loops_ring, nicolae_ecumenical_snake_handling, serial_forest,
          infiniplex_forest_end_1, infiniplex_forest_side_room,
          infiniplex_forest_lined_3_way, infiniplex_forest_end_double,
          infiniplex_forest_straight_2, infiniplex_forest_straight_4,
          infiniplex_forest_end_2, infiniplex_forest_straight_3,
          infiniplex_forest_lined_corner, infiniplex_forest_clump_tiny,
          basic_altar, st_stairs_6, uniq_natasha, uniq_sigmund
D:3:      layout_loops_ring, old_standard_altar
D:4:      layout_basic, overflow_temple_1_default, grunt_decor_junction,
          nicolae_concentric_dashed_squares_wild

Skill      XL: |  1  2  3  4  5  6  7 |
---------------+----------------------+-----
Stealth        | 3 4 5 |  5.8
Air Magic      | 1 2 3 |  3.3
Poison Magic   | 4 5 |  5.0
Short Blades   | 1 2 3 |  3.3
Dodging        | 3 4 |  4.1
Spellcasting   | 3 |  3.8
Transmutations | |  1.0
Ice Magic      | |  0.7

Action                     |  1- 3 |  4- 6 |  7- 9 || total
---------------------------+-------+-------+-------++-------
  Melee: Dagger            |    29 |    62 |    56 ||   147
         Constrict         |     7 |    13 |     9 ||    29
         Tentacles         |     4 |    13 |     9 ||    26
         Punch             |       |       |     2 ||     2
   Cast: Sting             |    13 |    22 |    12 ||    47
         Poisonous Vapours |     2 |    12 |     9 ||    23
    Use: Scroll            |     1 |     3 |     1 ||     5
   Stab: Sleeping          |     7 |    14 |     8 ||    29
 Armour: Skin              |     4 |     2 |     1 ||     7
  Dodge: Dodged            |    17 |    37 |    29 ||    83
